Map: Year Zero LE

Players

keelar - Winner!

  • Race: Zerg Zerg
  • League: Master
  • Spawn Location: 11:00

nalakuwala

  • Race: Zerg Zerg
  • League: Master
  • Spawn Location: 1:00

VOD

Have the link to the VOD?

Description

Time

  • Played on: May 4, 2019, 3:11 p.m.
  • Length: 7:30
Show
View Real Time Build Order
Export as new Build Order

keelar Zerg - Winner!

Build Orders: Hatch First 

Get SALT Encoding   

  12  0:01  Drone  
  13  0:09  Drone  
  14  0:22  Extractor  
  14  0:23  Extractor, Drone x2  
  16  0:46  Extractor  
  15  0:50  Hatchery  
  14  0:59  Spawning Pool  
  14  1:03  Drone  
  14  1:12  Extractor, Drone  
  15  1:21  Overlord  
  15  1:40  Drone  
  16  1:47  Metabolic Boost, Zergling x4  
  18  2:02  Queen  
  18  2:04  Drone  
  21  2:09  Baneling Nest  
  21  2:11  Zergling x2  
  21  2:14  Zergling x2  
  22  2:20  Zergling x2  
  22  2:22  Zergling x2  
  24  2:28  Zergling x2  
  25  2:30  Zergling x2  
  25  2:37  Zergling x2  
  27  2:41  Overlord  
  27  2:56  Baneling x2  
  27  3:01  Zergling x8  
  31  3:11  Zergling x4  
  32  3:25  Zergling x8  
  35  3:28  Zergling x2  
  34  3:37  Zergling x2  
  32  3:43  Zergling x2  
  32  3:45  Zergling x2  
  32  3:46  Zergling x4  
  33  3:53  Zergling x4  
  34  4:01  Zergling x4  
  31  4:10  Zergling x2  
  31  4:11  Zergling x2  
  31  4:18  Zergling x2  
  31  4:19  Zergling x4  
  32  4:25  Zergling x2  
  32  4:26  Zergling x2  
  32  4:33  Zergling x4  
  32  4:45  Zergling x2  
  31  4:47  Zergling x2  
  31  4:48  Queen  
  32  4:55  Zergling x2  
  32  4:56  Zergling x2  
  33  5:01  Zergling x2  
  33  5:05  Zergling x2  
  34  5:07  Drone  
  35  5:17  Zergling x4  
  35  5:23  Zergling x2  
  35  5:24  Zergling x2  
  35  5:33  Zergling x2  
  35  5:34  Drone x2  
  34  5:45  Spine Crawler  
  34  5:48  Zergling x2  
  34  5:49  Zergling x2  
  26  6:08  Zergling x2  
  27  6:15  Zergling x4  
  28  6:20  Drone  
  29  6:26  Drone  
  29  6:27  Drone  
  31  6:33  Drone  
  31  6:35  Baneling x2  
  32  6:43  Drone x2  
  33  7:15  Drone  
  33  7:16  Drone  
  35  7:27  Spine Crawler  
Show
View Real Time Build Order
Export as new Build Order

nalakuwala Zerg 

Build Orders: Hatch First, Roach Nydus 

Get SALT Encoding   

  12  0:01  Drone  
  13  0:09  Drone  
  14  0:18  Overlord  
  14  0:36  Drone x3  
  17  0:53  Hatchery  
  17  0:56  Drone  
  17  0:59  Drone  
  18  1:10  Extractor  
  17  1:14  Spawning Pool  
  17  1:17  Drone  
  17  1:20  Drone  
  18  1:30  Drone  
  19  1:41  Overlord  
  19  1:55  Drone  
  20  2:05  Queen  
  20  2:06  Zergling x2  
  20  2:07  Drone  
  24  2:10  Lair  
  24  2:13  Extractor  
  23  2:20  Drone x2  
  25  2:27  Drone x2  
  27  2:41  Queen  
  27  2:42  Roach Warren  
  28  2:49  Evolution Chamber  
  28  2:50  Overlord  
  28  2:51  Drone x2  
  29  3:01  Drone  
  29  3:02  Drone  
  29  3:03  Drone  
  32  3:10  Evolution Chamber  
  31  3:24  Nydus Network  
  29  3:32  Zergling x2  
  29  3:33  Roach  
  29  3:34  Evolution Chamber, Roach x2  
  33  3:38  Roach  
  37  3:43  Roach  
  39  3:49  Roach  
  37  4:01  Roach x2  
  39  4:08  Roach  
  40  4:10  Roach  
  40  4:12  Ravager  
  36  4:21  Roach  
  38  4:29  Ravager  
  31  4:54  Roach x4  
  31  4:55  Roach  
  41  5:06  Nydus Canal  
  37  5:14  Zergling x6  
  38  5:24  Zergling x4  
  31  5:55  Zergling x12  
  33  6:10  Zergling x2  
  33  6:11  Zergling x2  
  30  6:21  Roach Warren  
  29  6:42  Nydus Network  
  28  6:52  Spine Crawler  
  27  7:04  Roach x2  
  27  7:05  Roach  
Tags
 
Add a new tag
Caveats
  • Supply blocks, unpowered buildings, or Contaminate may cause inaccurate times.
  • Supply counts are checked every 10 seconds.